 Dungeon Crawl Stone Soup version 0.31.0-12-g77e489cdc1 (webtiles) character file.

Game seed: 5991918030765246880

471 Cheops the Changeling (level 7, -5/43 HPs)
             Began as an Octopode Shapeshifter on Feb 26, 2024.
             Slain by a mummy (27 damage)
             ... in an ossuary.
             The game lasted 00:09:13 (3255 turns).

Cheops the Changeling (Octopode Shapeshifter)       Turns: 3255, Time: 00:09:14

Health: -5/43      AC:  1    Str: 14 (16) XL:     7   Next: 9%
Magic:  7/7        EV: 13    Int: 10 (12) God:
Gold:   246        SH:  0    Dex:  8 (11) Spells: 6/6 levels left

rFire   . .          .
                       - Unarmed
rCold   . . .        (no shield)
rNeg    . . .        (helmet currently unavailable)
rPois   .            (no amulet)
rElec   .            (no ring)
rCorr   .            (no ring)
SInv    .            (no ring)
Will    .....        (no ring)
Stlth   ++           (no ring)
HPRegen 0.27/turn    (no ring)
MPRegen 0.10/turn    (no ring)
                     (no ring)

%: no passive effects
@: beast-form, attractive
A: beast (slay +3), almost no armour, amphibious, 8 rings, camouflage 1,
gelatinous body 1, (nimble swimmer 1), tentacles
a: Begin Untransformation


You were in an ossuary.
You were a hulking beast.
You visited 1 branch of the dungeon, and saw 5 of its levels.
You also visited: Ossuary.

You collected 246 gold pieces.

Inventory:

Hand Weapons
 a - a +0 dagger of venom
Talismans
 b - a beast talisman (active)
 c - a flux talisman
Wands
 n - a wand of digging (7)
Scrolls
 h - 2 scrolls of poison
 m - a scroll of identify {unknown}
Potions
 d - a potion of lignification
 e - a potion of cancellation
 g - a potion of enlightenment {unknown}
 i - a potion of berserk rage {unknown}
 j - a potion of degeneration
 k - a potion of experience {unknown}
 l - a potion of attraction


   Skills:
 - Level 1.0 Fighting
 - Level 2.0 Dodging
 - Level 5.0 Unarmed Combat
 + Level 6.2 Shapeshifting


You had 6 spell levels left.
You didn't know any spells.
Your spell library contained the following spells:

 Spells                   Type           Power      Damage    Failure   Level
 Blink                    Tloc           0%         N/A       50%         2
 Lesser Beckoning         Tloc           0%         N/A       50%         2
 Momentum Strike          Conj/Tloc      0%         3d8       50%         2


Dungeon Overview and Level Annotations

Branches:
Dungeon (5/15)            Ossuary (1/1)
 Temple: D:4-7

Altars:
Cheibriados
Nemelex Xobeh


Innate Abilities, Weirdness & Mutations

You are a hulking beast.
Your limbs bulge with bestial killing power. (Slay +3)
You cannot wear most types of armour.
You are amphibious.
You can wear up to eight rings at the same time.
Your skin changes colour to match your surroundings (Stealth+).
Your rubbery body absorbs attacks. (AC +1, EV +1)
((You are camouflaged when in or above water. (Stealth+)))
You have tentacles for arms and can constrict up to eight enemies at once.


Message History

You tentacle-slap the human zombie.
The human zombie is moderately damaged.
You constrict the human zombie.
The human zombie no longer looks unusually strong.
The human zombie is no longer moving quickly.
You lose your grip on the human zombie.
The mummy misses you.
You tentacle-slap the mummy. Your grab misses the mummy.
You squeeze the mummy, but do no damage.
The mummy is moderately damaged.
You closely miss the burial acolyte. Your grab misses the burial acolyte.
The mummy no longer looks unusually strong.
The mummy is no longer moving quickly.
The burial acolyte hits you with a +0 dagger.
The mummy hits you.
* * * LOW HITPOINT WARNING * * *
Unknown command.
Unknown command.
Unknown command.
It was a potion of cancellation.
You feel magically purged.
The burial acolyte hits you with a +0 dagger.
* * * LOW HITPOINT WARNING * * *
Unknown command.
Unknown command.
It was a potion of curing.
You feel better. The mummy barely misses you.
The burial acolyte recites a funeral chant.
The mummy is empowered.
It was a potion of degeneration.
There was something very wrong with that liquid.
You feel weakened.
You feel dopey.
You feel clumsy.
The burial acolyte utters a dark prayer and points at you.
Your life force is offered up.
* * * LOW HITPOINT WARNING * * *
The mummy is healed.
Unknown command.
Unknown command.
It was a potion of attraction.
You feel attractive to monsters. The mummy hits you!!
Ouch! That really hurt!
You die...

#...'''''...#
##..'...'..##
#...'...'...#
##..'...'..##
#...'...'...#
#####.#.#####
#...'...'...#
##M.'''''..##
#hpp'...'...#
#####...#####
#...'.Z.'...#
##..'.Z.'..##
#...'.p.'...#
##..'.∩.'..##
#...'''''...#
#####...#####
##.##


You could see a mummy (strong, swift) and 2 burial acolytes.

Vanquished Creatures
  A phantom (D:5)
  A scorpion (D:5)
  2 hounds (D:5)
  A human zombie (Ossuary)
  An orc priest (D:3)
  A sleepcap (D:4)
  2 iguanas (D:5)
  2 mummies
  4 gnolls (D:3)
  An adder (D:3)
  An adder zombie (Ossuary)
  A dart slug (D:3)
  A ribbon worm (D:3)
  3 orcs (D:3)
  6 endoplasms
  2 giant cockroaches
  5 goblins
  7 hobgoblins
  7 kobolds
  A quokka (D:1)
  5 ball pythons
  2 bats (D:1)
  A frilled lizard (D:1)
  A kobold zombie (Ossuary)
  5 rats
64 creatures vanquished.

Notes
Turn   | Place    | Note
-------+----------+-------------------------------------------
     0 | D:1      | Cheops the Octopode Shapeshifter began the quest for the
                  | Orb.
     0 | D:1      | Reached XP level 1. HP: 13/13 MP: 1/1
   161 | D:1      | Reached XP level 2. HP: 18/18 MP: 2/2
   788 | D:2      | Reached XP level 3. HP: 18/23 MP: 3/3
  2001 | D:3      | Found a sparkling altar of Nemelex Xobeh.
  2002 | D:3      | Found a snail-covered altar of Cheibriados.
  2021 | D:3      | Reached skill level 5 in Unarmed Combat
  2021 | D:3      | Reached XP level 4. HP: 16/28 MP: 4/4
  2229 | D:3      | Found a faded altar of an unknown god.
  2492 | D:3      | Found a sparkling altar of Nemelex Xobeh.
  2493 | D:3      | Found a snail-covered altar of Cheibriados.
  2522 | D:3      | Found a faded altar of an unknown god.
  2650 | D:3      | Reached XP level 5. HP: 33/33 MP: 5/5
  2843 | D:4      | Reached skill level 4 in Shapeshifting
  2905 | D:4      | You fall into a shaft and drop 1 floor!
  2905 | D:5      | Entered Level 5 of the Dungeon
  3011 | D:5      | Noticed an ogre
  3068 | D:5      | Reached skill level 5 in Shapeshifting
  3068 | D:5      | Reached XP level 6. HP: 29/38 MP: 6/6
  3156 | D:5      | Found a sand-covered staircase.
  3162 | D:5      | Reached skill level 6 in Shapeshifting
  3168 | Ossuary  | Entered an ossuary
  3168 | Ossuary  | Found a huge runed translucent gate.
  3168 | Ossuary  | Found a huge runed translucent gate.
  3168 | Ossuary  | Found a huge runed translucent gate.
  3168 | Ossuary  | Found a huge runed translucent gate.
  3168 | Ossuary  | Found a huge runed translucent gate.
  3168 | Ossuary  | Found a huge runed translucent gate.
  3168 | Ossuary  | Found a huge runed translucent gate.
  3168 | Ossuary  | Found a huge runed translucent gate.
  3168 | Ossuary  | Found a huge runed translucent gate.
  3169 | Ossuary  | Found a huge runed translucent gate.
  3169 | Ossuary  | Found a huge runed translucent gate.
  3170 | Ossuary  | Found a huge runed translucent gate.
  3170 | Ossuary  | Found a huge runed translucent gate.
  3172 | Ossuary  | Found a huge runed translucent gate.
  3172 | Ossuary  | Found a huge runed translucent gate.
  3190 | Ossuary  | Reached XP level 7. HP: 43/43 MP: 7/7
  3203 | Ossuary  | Found a huge runed translucent gate.
  3203 | Ossuary  | Found a huge runed translucent gate.
  3203 | Ossuary  | Found a huge runed translucent gate.
  3203 | Ossuary  | Found a huge runed translucent gate.
  3203 | Ossuary  | Found a huge runed translucent gate.
  3204 | Ossuary  | Found a huge runed translucent gate.
  3204 | Ossuary  | Found a huge runed translucent gate.
  3206 | Ossuary  | Found a huge runed translucent gate.
  3206 | Ossuary  | Found a huge runed translucent gate.
  3208 | Ossuary  | Found a huge runed translucent gate.
  3208 | Ossuary  | Found a huge runed translucent gate.
  3213 | Ossuary  | Found a huge runed translucent gate.
  3213 | Ossuary  | Found a huge runed translucent gate.
  3221 | Ossuary  | Found a huge runed translucent gate.
  3221 | Ossuary  | Found a huge runed translucent gate.
  3225 | Ossuary  | Found a huge runed translucent gate.
  3225 | Ossuary  | Found a huge runed translucent gate.
  3225 | Ossuary  | Found a huge runed translucent gate.
  3225 | Ossuary  | Found a huge runed translucent gate.
  3225 | Ossuary  | Found a huge runed translucent gate.
  3255 | Ossuary  | Slain by a mummy

Illustrated notes

Levels and vault maps discovered:
D:1:      co_arrival_hexagon_in_a_hexagon, layout_loops_ring
D:2:      layout_loops_ring, serial_forest, infiniplex_forest_corner_1,
          infiniplex_forest_straight_2, infiniplex_forest_clump_large,
          infiniplex_forest_clump_double, infiniplex_forest_lined_1,
          infiniplex_forest_clump_curved, infiniplex_forest_straight_2,
          infiniplex_forest_lined_1
D:3:      wander_river, layout_rooms, grunt_temple_overflow_open,
          ebering_ecumenical_altar_mist, grunt_ministairs_7,
          nicolae_elevator_lobby_asterisk
D:4:      layout_basic, kennysheep_generic_room_6
D:5:      layout_basic, minmay_temple_entry_grid, gup_ossuary_entry_pyramid
Ossuary:  minmay_ossuary_gauntlet

Skill      XL: |  1  2  3  4  5  6 |
---------------+-------------------+-----
Unarmed Combat | 4 5 |  5.0
Shapeshifting  | 5 6 |  6.2
Fighting       | |  1.0
Dodging        | |  2.0

Action                     |  1- 3 |  4- 6 |  7- 9 || total
---------------------------+-------+-------+-------++-------
  Melee: Unarmed           |    82 |    56 |     9 ||   147
         Constrict         |    18 |    13 |     3 ||    34
         Tentacles         |     6 |    14 |     3 ||    23
         Punch             |     1 |     2 |       ||     3
Ability: Begin Untransform |     1 |       |       ||     1
    Use: Scroll            |     2 |       |       ||     2
         Potion            |       |       |     4 ||     4
   Stab: Sleeping          |    11 |       |       ||    11
 Armour: Skin              |    25 |    16 |     5 ||    46
  Dodge: Dodged            |    35 |    25 |     5 ||    65
   Form: Beast             |     1 |       |       ||     1
